 Dungeon Crawl Stone Soup version 0.26-a0-466-g989023bd0d (webtiles) character file.

Game seed: 16936400659325493866

2333 FluffGlitter the Archer (level 9, -8/63 HPs)
             Began as a Demonspawn Wanderer on Aug 1, 2020.
             Was a Priest of Makhleb.
             Mangled by a wyvern (12 damage)
             ... on level 8 of the Dungeon.
             The game lasted 01:01:34 (9456 turns).

FluffGlitter the Archer (Demonspawn Wanderer)       Turns: 9456, Time: 01:01:34

Health: -8/63      AC: 19    Str: 24    XL:     9   Next: 19%
Magic:  9/9        EV: 10    Int: 12    God:    Makhleb [***...]
Gold:   432        SH:  0    Dex: 12    Spells: 8/8 levels left

rFire    . . .     SeeInvis +   (no weapon)
rCold    + + +     Faith    .   (no shield)
rNeg     . . .     Spirit   .   E - +0 scale mail {rPois}
rPois    +         Reflect  .   I - +0 helmet
rElec    .         Harm     .   (no cloak)
rCorr    +                      (no gloves)
MR       .....                  H - +2 pair of boots of Jasosmes {Regen+}
Stlth    ..........             J - amulet of Rac Epi {rC+++ Regen+ Str+2 Dex-2 SInv}
HPRegen  1.00/turn              g - ring of resist corrosion
MPRegen  0.11/turn              C - +6 ring of strength

@: sanguine armour
A: claws 1, rot immunity, sanguine armour 2
a: Minor Destruction, Lesser Servant of Makhleb, Renounce Religion


You were on level 8 of the Dungeon.
You worshipped Makhleb.
Makhleb was most pleased with you.
You visited 1 branch of the dungeon, and saw 8 of its levels.
You also visited: Bailey.

You collected 432 gold pieces.

Inventory:

Hand Weapons
 a - a +3 shortbow
 b - a +0 dagger
   (You took it off a goblin on level 1 of the Dungeon)
 k - a +0 long sword
   (You found it on level 2 of the Dungeon)
Missiles
 e - a throwing net {!f}
 j - 16 arrows
 l - 8 datura-tipped darts
 n - 216 stones (quivered)
 s - 72 sling bullets
 w - 18 poisoned darts
 y - 56 bolts
Armour
 p - a +0 leather armour
   (You found it on level 1 of the Dungeon)
 A - a +0 pair of gloves
   (You found it on level 6 of the Dungeon)
 E - a +0 scale mail of poison resistance (worn)
   (You took it off an orc on level 2 of the Dungeon)
 H - the +2 pair of boots of Jasosmes (worn) {Regen+}
   (You found it on level 7 of the Dungeon)

   It increases your rate of regeneration.
 I - a +0 helmet (worn)
   (You found it on level 7 of the Dungeon)
Magical Staves
 r - an uncursed staff of poison
   (You found it on level 2 of the Dungeon)
Jewellery
 g - a ring of resist corrosion (left claw)
   (You found it on level 1 of the Dungeon)
 o - a +6 ring of intelligence
   (You found it on level 1 of the Dungeon)
 C - a +6 ring of strength (right claw)
   (You found it on level 7 of the Dungeon)
 D - an uncursed amulet of reflection
   (You found it on level 6 of the Dungeon)
 J - the amulet of Rac Epi (around neck) {rC+++ Regen+ Str+2 Dex-2 SInv}
   (You found it on level 8 of the Dungeon)

   [amulet of regeneration]

   It affects your strength (+2).
   It affects your dexterity (-2).
   It renders you almost immune to cold.
   It lets you see invisible.
   It increases your rate of regeneration.
Wands
 u - a wand of paralysis (7)
   (You found it on level 7 of the Dungeon)
 v - a wand of digging (5)
   (You found it on level 7 of the Dungeon)
Scrolls
 c - 2 scrolls of teleportation {@r4}
 f - 5 scrolls of identify {@r1}
 h - a scroll of enchant armour {unknown}
 i - 5 scrolls of remove curse {@r2}
 x - a scroll of immolation {unknown}
 G - a scroll of fog
Potions
 d - 3 potions of lignification {!q}
 m - 5 potions of flight
 q - a potion of heal wounds {unknown}
 t - 2 potions of curing {@q1}
 z - 4 potions of might
 B - 3 potions of stabbing
 F - a potion of haste {unknown}


   Skills:
 + Level 3.1 Fighting
 + Level 11.3 Bows
 - Level 1.0 Throwing
 + Level 1.1 Armour
 + Level 1.2 Dodging
 - Level 1.0 Stealth
 + Level 0.7 Invocations


You had 8 spell levels left.
You didn't know any spells.
Your spell library was empty.

Dungeon Overview and Level Annotations

Branches:
Dungeon (8/15)             Temple (0/1) D:7          Bailey (visited)
   Lair: D:8-11

Altars:
Elyvilon
Makhleb
Okawaru
Ru
Trog
Vehumet
Wu Jian
Xom
Yredelemnul

Shops:
D:5 [

Annotations:
D:5 Prince Ribbit
D:6 Maggie
D:8 Harold


Innate Abilities, Weirdness & Mutations

You have sharp fingernails.
You are immune to rotting.
When seriously injured, your bleeding wounds create thick armour. (AC +9)


Message History

The wyvern bites you but does no damage.
The wyvern closely misses you.
You closely miss the wyvern. The wyvern bites you!
* * * LOW HITPOINT WARNING * * *
Your blood congeals into armour.
You are too injured to fight recklessly!
You are too injured to fight recklessly!
You are too injured to fight recklessly!
You scratch the wyvern.
The wyvern bites you but does no damage.
The wyvern bites you.
* * * LOW HITPOINT WARNING * * *
You scratch the wyvern.
The wyvern bites you but does no damage.
Unknown command.
You scratch the wyvern. The wyvern completely misses you. The wyvern bites you!
* * * LOW HITPOINT WARNING * * *
You scratch the wyvern.
The wyvern bites you but does no damage.
Unknown command.
You scratch the wyvern but do no damage.
The wyvern barely misses you.
The wyvern bites you but does no damage.
Unknown command.
You barely miss the wyvern. The wyvern barely misses you.
Unknown command.
You scratch the wyvern but do no damage.
The wyvern bites you.
* * * LOW HITPOINT WARNING * * *
The wyvern bites you!
* * * LOW HITPOINT WARNING * * *
You scratch the wyvern. The wyvern misses you.
Unknown command.
You barely miss the wyvern.
The wyvern bites you but does no damage.
The wyvern barely misses you.
Unknown command.
You closely miss the wyvern. The wyvern bites you.
* * * LOW HITPOINT WARNING * * *
Your scale mail prevents you from hitting the wyvern.
The wyvern barely misses you. x2
Unknown command.
You scratch the wyvern. The wyvern bites you.
* * * LOW HITPOINT WARNING * * *
You scratch the wyvern but do no damage.
The wyvern bites you.
* * * LOW HITPOINT WARNING * * *
The wyvern bites you but does no damage.
You closely miss the wyvern. The wyvern bites you!
You die...

.##.,,**,,,,,,*
.....,,,,....*#### ###########
###...**,....##..## #....#....#
,**,..**,.....#...# #.........#
,****.,,,.........# #...#....##
.,,,,,,≈≈≈≈≈......# #...#....#
.**,,≈≈≈≈≈≈≈≈≈....# #...#....#
.#,,≈≈≈≈≈≈≈≈≈≈≈l..# #...#....#
..,≈≈≈≈≈≈≈≈≈≈≈≈≈@######..##...###
,.,≈≈≈≈≈≈_≈≈≈≈≈≈..#..##..##...##.
.*,≈≈≈≈≈≈≈≈≈≈≈≈≈......#........'.
.*,,≈≈≈≈≈≈≈≈≈≈≈..#....'.......##.
.,+,,,≈≈≈≈≈≈≈≈≈..##..###.###..##.
.,*,,,,,≈≈≈≈≈...###..###.###..##.
.,*,,,,,,........................
.,*,,,,*,....[...................
***,,***,.##.######.......######.


You could see a wyvern.

Vanquished Creatures
  A hippogriff (D:6)
  Sigmund (D:6)
  Edmund (D:4)
  An orc warrior (D:6)
  3 sky beasts
  2 ogres
  A bullfrog (D:6)
  3 gnoll sergeants
  A water moccasin zombie (D:5)
  A wyvern skeleton (D:6)
  3 hounds
  4 gnoll shamans
  A jelly (D:7)
  2 orc priests
  A centaur skeleton (D:8)
  4 orc wizards
  An iguana (D:5)
  2 worker ants
  A killer bee zombie (D:6)
  3 hound skeletons
  A worker ant zombie (D:7)
  17 gnolls
  11 adders
  An ufetubus (D:5)
  An ooze (D:1)
  An adder zombie (D:6)
  4 worms
  2 dart slugs (D:1)
  5 leopard geckos
  24 orcs
  8 giant cockroaches
  8 hobgoblins
  2 jackals (D:2)
  13 kobolds
  5 quokkas
  6 bats
  4 frilled lizards
  9 goblins
  9 rats
168 creatures vanquished.

Notes
Turn   | Place    | Note
-------+----------+-------------------------------------------
     0 | D:1      | FluffGlitter the Demonspawn Wanderer began the quest for
                  | the Orb.
     0 | D:1      | FluffGlitter set off with the following items: a +2
                  | shortbow, 23 arrows, a scroll of teleportation {@r4}, a
                  | potion of lignification {!q}, a +0 robe
     0 | D:1      | Reached XP level 1. HP: 18/18 MP: 1/1
   214 | D:2      | Reached skill level 3 in Bows
   214 | D:2      | Gained mutation: You are immune to rotting. [demonic
                  | ancestry]
   214 | D:2      | Reached XP level 2. HP: 24/24 MP: 2/2
   593 | D:1      | Gained mutation: When seriously injured, your bleeding
                  | wounds create armour. (AC +9) [demonic ancestry]
   593 | D:1      | Reached XP level 3. HP: 29/29 MP: 3/3
  1013 | D:1      | Reached skill level 4 in Bows
  1382 | D:2      | Reached XP level 4. HP: 35/35 MP: 4/4
  2007 | D:3      | Reached skill level 5 in Bows
  2505 | D:3      | Gained mutation: You have sharp fingernails. [demonic
                  | ancestry]
  2505 | D:3      | Reached XP level 5. HP: 23/41 MP: 5/5
  3145 | D:3      | Found a faded altar of an unknown god.
  3281 | D:3      | Became a worshipper of Makhleb the Destroyer
  3281 | D:3      | Reached * piety under Makhleb
  3348 | D:5      | Entered Level 5 of the Dungeon
  3391 | D:4      | Noticed Edmund
  3432 | D:4      | HP: 2/41 [Edmund/+2 vorpal flail (3)]
  3433 | D:4      | Killed Edmund
  3433 | D:4      | Reached skill level 6 in Bows
  3433 | D:4      | Gained mutation: When seriously injured, your bleeding
                  | wounds create thick armour. (AC +9) [demonic ancestry]
  3433 | D:4      | Reached XP level 6. HP: 1/47 MP: 6/6
  4088 | D:4      | Found an iron altar of Okawaru.
  4149 | D:5      | Found Ried's Antique Armour Emporium.
  4218 | D:5      | Reached skill level 7 in Bows
  4566 | D:5      | Found a bloodstained altar of Trog.
  4725 | D:5      | Reached XP level 7. HP: 52/52 MP: 7/7
  5771 | D:6      | Reached ** piety under Makhleb
  5771 | D:6      | Reached skill level 8 in Bows
  5817 | D:6      | Noticed Prince Ribbit
  6157 | D:6      | Noticed Sigmund
  6169 | D:6      | Killed Sigmund
  6325 | D:7      | Found a basalt altar of Yredelemnul.
  6326 | D:7      | Found a sacrificial altar of Ru.
  6326 | D:7      | Found an ornate altar of the Wu Jian Council.
  6326 | D:7      | Found a white marble altar of Elyvilon.
  6326 | D:7      | Found a shimmering altar of Xom.
  6487 | D:6      | Reached skill level 9 in Bows
  6487 | D:6      | Reached XP level 8. HP: 39/58 MP: 8/8
  6806 | D:6      | Noticed Maggie
  7308 | D:7      | Noticed a hippogriff
  7354 | D:6      | Killed a hippogriff
  7454 | D:7      | Reached skill level 10 in Bows
  7577 | D:7      | Found a staircase to the Ecumenical Temple.
  7618 | D:7      | Got a pair of steaming boots
  7651 | D:7      | Identified the +2 pair of boots of Jasosmes {Regen+} (You
                  | found it on level 7 of the Dungeon)
  7807 | D:8      | Found a flagged portal.
  7838 | Bailey   | Entered a bailey
  7863 | Bailey   | Reached skill level 11 in Bows
  7948 | Bailey   | Reached XP level 9. HP: 63/63 MP: 9/9
  8401 | D:8      | Noticed Harold
  8495 | D:7      | Reached *** piety under Makhleb
  8883 | D:8      | Got a transparent graven amulet
  8894 | D:8      | Identified the amulet of Rac Epi {rC+++ Regen+ Str+2 Dex-2
                  | SInv} (You found it on level 8 of the Dungeon)
  8895 | D:8      | Noticed a two-headed ogre
  9369 | D:8      | Found an ornate altar of the Wu Jian Council.
  9431 | D:8      | Found a radiant altar of Vehumet.
  9455 | D:8      | HP: 3/63 [wyvern (3)]
  9456 | D:8      | Mangled by a wyvern

Illustrated notes

Levels and vault maps discovered:
D:1:      dpeg_arrival_simpleton_b, layout_basic, nrook_mini_vaults,
          minivault_11, kennysheep_another_room
D:2:      layout_loops_ring, minmay_pentomino_pile
D:3:      layout_rooms, chequers_ecumenical_altar_lobes, hex_tiny
D:4:      layout_rooms, okawaru_altar_gauntlet_db, uniq_edmund
D:5:      layout_layer_cave, basic_altar, serial_shops, nicolae_shop_trees
D:6:      layout_loops_ring, minmay_curled_crystal, uniq_sigmund, uniq_maggie,
          uniq_prince_ribbit1
D:7:      layout_basic, grunt_temple_overflow_open, temple_hall, dk_vineyard_1,
          minmay_unpleasant_kobolds
D:8:      layout_gridville, grunt_temple_overflow_bloody_war, enter_bailey_7,
          basic_altar, lemuel_altar_in_water, uniq_erica, uniq_maurice,
          uniq_pikel, uniq_joseph, uniq_harold

Skill      XL: |  1  2  3  4  5  6  7  8 |
---------------+-------------------------+-----
Bows           | 3 4 5 6 7 9 11 | 11.3
Fighting       | |  3.1
Throwing       | |  1.0
Armour         | |  1.1
Dodging        | |  1.2
Stealth        | |  1.0
Invocations    | |  0.7

Action                   |  1- 3 |  4- 6 |  7- 9 || total
-------------------------+-------+-------+-------++-------
Melee: Long sword        |    10 |       |       ||    10
       Dagger            |       |    16 |    79 ||    95
       Unarmed           |       |       |   129 ||   129
 Fire: Shortbow          |    68 |   250 |   306 ||   624
  Use: Scroll            |       |    12 |     6 ||    18
 Stab: Sleeping          |     1 |       |       ||     1
Armor: Robe              |     2 |       |       ||     2
       Leather armour    |     4 |    17 |       ||    21
       Scale mail        |       |    19 |   143 ||   162
Dodge: Dodged            |    22 |    90 |   155 ||   267
Block: Other             |       |       |    65 ||    65
       Reflection        |       |       |     4 ||     4
       Rpst.: Long sword |     2 |       |       ||     2

Table legend: (Time is in decaauts)
 A = Elapsed time spent in this place.
 B = Non-inter-level travel time spent in this place.
 C = Inter-level travel time spent in this place.
 D = Time resting spent in this place.
 E = Time spent auto-exploring this place.
 F = Levels seen in this place.
 G = Mean time per level.
                   A        B        C        D        E       F      G
               +--------+--------+--------+--------+--------+-----+--------+
         Total |   9432 |   9060 |    372 |   2102 |   3463 |   9 | 1048.0 |
       Dungeon |   9148 |   8776 |    372 |   2078 |   3463 |   8 | 1143.5 |
        Bailey |    284 |    284 |      0 |     24 |      0 |   1 |  284.0 |
               +--------+--------+--------+--------+--------+-----+--------+

Top non-repeatable levels by time:
     D:6: 1753 daAuts
     D:5: 1646 daAuts
     D:2: 1262 daAuts
     D:1: 1062 daAuts
     D:3: 996 daAuts
     D:4: 829 daAuts
     D:8: 828 daAuts
     D:7: 769 daAuts
  Bailey: 284 daAuts
